 Dungeon Crawl Stone Soup version 0.30-a0-1053-gbd8d5ba0ad (webtiles) character file.

Game seed: 12578091232556119719

309 Pimp the Shooter (level 6, 0/36 HPs)
             Began as a Deep Elf Hunter on Apr 11, 2023.
             Succumbed to a scorpion's poison
             ... on level 4 of the Dungeon.
             The game lasted 00:07:50 (2743 turns).

Pimp the Shooter (Deep Elf Hunter)                  Turns: 2743, Time: 00:07:50

Health: 0/36       AC:  4    Str:  8    XL:     6   Next: 17%
Magic:  8/8        EV: 13    Int: 14    God:
Gold:   149        SH:  0    Dex: 20    Spells: 5/5 levels left

rFire   + . .      SeeInvis .    k - +1 dagger (speed)
rCold   + . .      Faith    .    (no shield)
rNeg    . . .      Spirit   .    c - +0 leather armour
rPois   .          Reflect  .    (no helmet)
rElec   .          Rampage  .    j - scarf {rC+ rF+}
rCorr   .                        (no gloves)
Will    .....                    s - +0 pair of boots
Stlth   ++                       (no amulet)
HPRegen 0.26/turn                (no ring)
MPRegen 0.11/turn                (no ring)

@: mighty, lethally poisoned (0 -> -16)
A: no striking features
a: no special abilities


You were on level 4 of the Dungeon.
You visited 1 branch of the dungeon, and saw 4 of its levels.

You collected 149 gold pieces.

Inventory:

Hand Weapons
 a - a +0 shortbow
 k - a +1 dagger of speed (weapon)
Armour
 c - a +0 leather armour (worn)
 j - a scarf of resistance (worn)
 s - a +0 pair of boots (worn)
Jewellery
 l - an amulet of regeneration
Wands
 u - a wand of light (5)
Scrolls
 b - 3 scrolls of immolation
 g - a scroll of teleportation
 i - a scroll of fog {unknown}
 o - a scroll of amnesia
 t - a scroll of identify
Potions
 e - a potion of haste
 f - 2 potions of cancellation {unknown}
 h - a potion of attraction
 m - a potion of brilliance {unknown}
 n - a potion of resistance
 p - a potion of curing {unknown}
 q - a potion of heal wounds
 r - a potion of lignification {unknown}


   Skills:
 + Level 2.5 Fighting
 + Level 1.8 Short Blades
 * Level 7.3 Ranged Weapons
 + Level 1.8 Armour
 + Level 3.9 Dodging
 - Level 1.3 Stealth


You had 5 spell levels left.
You didn't know any spells.
Your spell library contained the following spells:

 Spells                   Type           Power      Damage    Failure   Level
 Beastly Appendage        Tmut           0%         N/A       38%         1
 Magic Dart               Conj           0%         1d3       38%         1
 Searing Ray              Conj           0%         2d4       52%         2
 Wereblood                Tmut           0%         N/A       52%         2
 Spider Form              Tmut/Pois      0%         N/A       77%         3
 Fulminant Prism          Conj/Hex       0%         3d5       99%         4


Dungeon Overview and Level Annotations

Branches:
Dungeon (4/15)
 Temple: D:4-7

Altars:


Message History

You hit the scorpion.
The scorpion is almost dead.
* * * LOW HITPOINT WARNING * * *
You feel sick. The scorpion stings you.
* * * LOW HITPOINT WARNING * * *
You feel much better.
You feel very sick. The scorpion stings you.
You hit the scorpion but do no damage.
The scorpion is almost dead.
You feel sick. The scorpion barely misses you.
You hit the scorpion but do no damage.
The scorpion is almost dead.
You feel sick.
You completely miss the scorpion.
The scorpion is almost dead.
You feel sick. The scorpion stings you.
You are more poisoned.
The scorpion poisons you!
You barely miss the scorpion.
The scorpion is almost dead.
You feel sick. The scorpion closely misses you.
You hit the scorpion but do no damage.
The scorpion is almost dead.
You feel sick. The scorpion stings you.
You are more poisoned.
The scorpion poisons you!
You closely miss the scorpion.
The scorpion is almost dead.
* * * LOW HITPOINT WARNING * * *
You feel very sick.
It was a potion of might.
You feel very mighty all of a sudden.
* * * LOW HITPOINT WARNING * * *
You feel very sick. The scorpion barely misses you.
Okay, then.
You puncture the scorpion!
You kill the scorpion!
You die...

#......# #......#
###......#
.##......#
....###..##
##...##.....#
#######.$#.#....#.#
.......†)..#....#.#
#...@####)..##.#
##..##...####..#
#..#....#....##
##.#....#.#..#
#.....##....#
###.###..##.#
.###.........#
.>........####
######.#.#


There were no monsters in sight!

Vanquished Creatures
  A phantom (D:4)
  A scorpion (D:4)
  A howler monkey (D:3)
  An orc priest (D:3)
  3 orc wizards (D:3)
  2 adders
  A worm (D:2)
  2 dart slugs
  14 orcs
  4 endoplasms
  2 giant cockroaches
  5 goblins
  4 hobgoblins
  3 quokkas
  5 ball pythons
  3 bats
  5 kobolds
  4 rats
61 creatures vanquished.

Notes
Turn   | Place    | Note
-------+----------+-------------------------------------------
     0 | D:1      | Pimp the Deep Elf Hunter began the quest for the Orb.
     0 | D:1      | Reached XP level 1. HP: 12/12 MP: 3/3
   143 | D:1      | Reached XP level 2. HP: 17/17 MP: 4/4
   666 | D:2      | Reached XP level 3. HP: 20/21 MP: 5/5
  1137 | D:2      | Reached skill level 6 in Ranged Weapons
  1488 | D:3      | Reached skill level 1 in Armour
  1514 | D:3      | Reached XP level 4. HP: 15/26 MP: 6/6
  1760 | D:3      | Found a faded altar of an unknown god.
  1792 | D:3      | Reached skill level 1 in Short Blades
  1792 | D:3      | Reached XP level 5. HP: 3/30 MP: 7/7
  2418 | D:3      | Reached skill level 7 in Ranged Weapons
  2583 | D:4      | Noticed a phantom
  2607 | D:4      | Killed a phantom
  2608 | D:4      | Reached XP level 6. HP: 18/36 MP: 8/8
  2734 | D:4      | HP: 1/36 [scorpion (1)]
  2743 | D:4      | Succumbed to a scorpion's poison

Illustrated notes

Levels and vault maps discovered:
D:1:      lightli_arrival_maybe_door_vault, layout_loops_ring
D:2:      layout_basic, grunt_decor_one_mirror, kennysheep_generic_room_7
D:3:      layout_rooms, chequers_ecumenical_altar_grove,
          amcnicky_mini_pool_small, kennysheep_generic_room_2
D:4:      layout_rooms, gammafunk_temple_overflow_wave,
          nicolae_qazlal_scattered_showers, minmay_temple_entry_crystal_x,
          minmay_bent

Skill      XL: |  1  2  3  4  5 |
---------------+----------------+-----
Dodging        | 3 |  3.9
Fighting       | 2 |  2.5
Ranged Weapons | 6 7 |  7.3
Armour         | 1 |  1.8
Short Blades   | 1 |  1.8
Stealth        | |  1.3

Action                     |  1- 3 |  4- 6 || total
---------------------------+-------+-------++-------
  Melee: Dagger            |    33 |   110 ||   143
         Punch             |     1 |     3 ||     4
   Fire: Shortbow          |    70 |    47 ||   117
    Use: Potion            |       |     3 ||     3
         Scroll            |       |     7 ||     7
 Armour: Leather armour    |     8 |    18 ||    26
  Dodge: Dodged            |    38 |    43 ||    81

Table legend: (Time is in decaauts)
 A = Elapsed time spent in this place.
 B = Non-inter-level travel time spent in this place.
 C = Inter-level travel time spent in this place.
 D = Time resting spent in this place.
 E = Time spent auto-exploring this place.
 F = Levels seen in this place.
 G = Mean time per level.
                   A        B        C        D        E       F      G
               +--------+--------+--------+--------+--------+-----+--------+
         Total |   2701 |   2580 |    121 |    586 |   1458 |   4 |  675.2 |
       Dungeon |   2701 |   2580 |    121 |    586 |   1458 |   4 |  675.2 |
               +--------+--------+--------+--------+--------+-----+--------+

Top non-repeatable levels by time:
     D:3: 1020 daAuts
     D:2: 843 daAuts
     D:1: 665 daAuts
     D:4: 171 daAuts
